 Dungeon Crawl Stone Soup version 0.31-a0-960-g0fca184906 (webtiles) character file.

Game seed: 12041936103991467184

1606 gelatine the Ruffian (level 8, -4/52 HPs)
             Began as an Octopode Shapeshifter on Oct 24, 2023.
             Slain by an ice beast (10 damage)
             ... on level 5 of the Dungeon.
             The game lasted 00:16:04 (4337 turns).

gelatine the Ruffian (Octopode Shapeshifter)        Turns: 4337, Time: 00:16:05

Health: -4/52      AC:  1    Str: 16    XL:     8   Next: 94%
Magic:  8/8        EV: 13    Int: 12    God:
Gold:   697        SH:  4    Dex: 11    Spells: 7/7 levels left

rFire   + . .        a - +0 short sword (vamp)
rCold   . . .        r - +0 buckler
rNeg    + . .        (helmet currently unavailable)
rPois   +            p - amulet of the acrobat
rElec   .            n - ring of positive energy
rCorr   .            f - ring of poison resistance
SInv    .            A - ring of protection from fire
Will    .....        (no ring)
Stlth   ++++         (no ring)
HPRegen 0.28/turn    (no ring)
MPRegen 0.11/turn    (no ring)
                     (no ring)

%: acrobat
@: beast-form
A: beast (slay +2), almost no armour, amphibious, 8 rings, camouflage 1,
gelatinous body 1, (nimble swimmer 1), tentacles
a: Begin Untransformation


You were on level 5 of the Dungeon.
You were a hulking beast.
You visited 1 branch of the dungeon, and saw 5 of its levels.

You collected 697 gold pieces.

Inventory:

Hand Weapons
 a - a +0 vampiric short sword (weapon)
 w - a +2 dagger of speed
 B - a +2 dagger of draining
 D - a +0 rapier
 H - a +1 hand axe of venom
 J - a +1 heavy war axe
Missiles
 z - a curare-tipped dart
 I - 4 stones
Armour
 r - a +0 buckler (worn)
Magical Staves
 o - a staff of conjuration
Jewellery
 f - a ring of poison resistance (right tentacle)
 n - a ring of positive energy (left tentacle)
 p - an amulet of the acrobat (around mantle)
 A - a ring of protection from fire (on tentacle)
Talismans
 b - a beast talisman
 c - a flux talisman
Wands
 v - a wand of charming (11) (quivered)
Scrolls
 h - a scroll of noise
 i - a scroll of revelation {unknown}
 j - a scroll of amnesia {unknown}
 l - 2 scrolls of fog
 s - a scroll of blinking
 t - a scroll of silence {unknown}
 u - a scroll of brand weapon {unknown}
 y - a scroll of fear
 E - a scroll of vulnerability {unknown}
 F - a scroll of immolation
 G - a scroll of teleportation {unknown}
Potions
 d - a potion of mutation
 e - a potion of resistance
 g - 5 potions of heal wounds {unknown}
 k - 2 potions of berserk rage
 m - 3 potions of lignification
 q - 2 potions of brilliance
 x - 4 potions of enlightenment {unknown}
 C - a potion of curing {unknown}


   Skills:
 * Level 3.4 Fighting
 + Level 0.7 Short Blades
 + Level 2.0 Throwing
 + Level 3.1 Dodging
 * Level 6.2 Stealth
 * Level 2.7 Shields
 * Level 7.1 Unarmed Combat
 * Level 3.0 Evocations
 * Level 4.5 Shapeshifting


You had 7 spell levels left.
You didn't know any spells.
Your spell library contained the following spells:

 Spells                   Type           Power      Damage    Failure   Level
 Apportation              Tloc           0%         N/A       38%         1
 Necrotise                Necr           0%         1d4       38%         1
 Summon Small Mammal      Summ           0%         N/A       38%         1


Dungeon Overview and Level Annotations

Branches:
Dungeon (5/15)             Temple (0/1) D:5

Altars:
Dithmenos
Elyvilon
Hepliaklqana
Ru
Uskayaw
Yredelemnul

Shops:
D:3 (   D:4 :

Annotations:
D:3 1 runed translucent door, Ahpoh's ghost, weakling BaFi


Innate Abilities, Weirdness & Mutations

You are a hulking beast.
Your limbs bulge with bestial killing power. (Slay +2)
You cannot wear most types of armour.
You are amphibious.
You can wear up to eight rings at the same time.
Your skin changes colour to match your surroundings (Stealth+).
Your rubbery body absorbs attacks. (AC +1, EV +1)
((You are camouflaged when in or above water. (Stealth+)))
You have tentacles for arms and can constrict up to eight enemies at once.


Message History

You see here a +1 heavy war axe.
J - a +1 heavy war axe You now have 697 gold pieces (gained 11).
You open the door.
Found a whip.
There is an open door here.
An ice beast comes into view.
A worm comes into view.
Found 4 stones.
An orc comes into view. It is wielding a +0 heavy hand axe.
Found a scroll labelled UFIGOI DABROD.
You see here a +0 whip.
The helpless ice beast fails to defend itself.
You puncture the ice beast!
The ice beast is moderately wounded.
The ice beast barely misses you.
You closely miss the ice beast. Your squeeze misses the ice beast.
The ice beast is moderately wounded.
You block the ice beast's attack.
You closely miss the ice beast.
The ice beast is moderately wounded.
The ice beast hits you. The ice beast freezes you!
You barely miss the ice beast.
Your tentacle-slap misses the ice beast.
The ice beast is moderately wounded.
The ice beast hits you. The ice beast freezes you!
You hit the ice beast.
You feel better.
You squeeze the ice beast!
The ice beast is severely wounded.
The ice beast hits you. The ice beast freezes you!
* * * LOW HITPOINT WARNING * * *
You hit the ice beast.
You feel better.
You squeeze the ice beast, but do no damage.
The ice beast is severely wounded.
The ice beast barely misses you.
You barely miss the ice beast.
The ice beast is severely wounded.
The ice beast hits you.
* * * LOW HITPOINT WARNING * * *
The ice beast freezes you!
You die...

......≈≈##.########
#≈. .≈ ...≈≈#.........
+.. #.###..§#######...
#≈.§
#o..#.§≈≈######.†.
#§§.
#.≈?#...§#........
#§≈..
w(.#...≈#...)....
#≈§§###.#....'........
#≈§§Y..≈).§§≈#.....###
#§§.h....§§§#.....#
##§≈§....§§##.....#
###≈≈≈≈§≈#########
######## #8... #....
..>.


You could see an ice beast.

Vanquished Creatures
  Grinder (D:4)
  Menkaure (D:4)
  Edmund (D:4)
  Duvessa (D:4)
  A black bear (D:4)
  2 ogres
  An ice beast (D:5)
  A centaur (D:5)
  A scorpion (D:4)
  Dowan (D:4)
  4 jellies
  2 bullfrog zombies (D:5)
  An orc priest (D:4)
  2 hounds (D:4)
  An iguana (D:4)
  An orc wizard (D:3)
  A hound zombie (D:5)
  2 howler monkey zombies (D:5)
  2 gnolls (D:4)
  6 adders
  2 dart slugs
  11 orcs
  7 ball pythons
  8 endoplasms
  2 giant cockroaches
  5 goblins
  9 hobgoblins
  6 quokkas
  6 bats
  17 frilled lizards
  4 kobolds
  4 rats
114 creatures vanquished.

Vanquished Creatures (others)
  A goblin (D:4)
  A quokka (D:5)
2 creatures vanquished.

Grand Total: 116 creatures vanquished

Notes
Turn   | Place    | Note
-------+----------+-------------------------------------------
     0 | D:1      | gelatine the Octopode Shapeshifter began the quest for the
                  | Orb.
     0 | D:1      | Reached XP level 1. HP: 13/13 MP: 1/1
    63 | D:1      | Reached XP level 2. HP: 18/18 MP: 2/2
   379 | D:1      | Reached XP level 3. HP: 19/23 MP: 3/3
  1181 | D:3      | Found a shadowy altar of Dithmenos.
  1296 | D:3      | Found Ruxeatep's Weapon Shoppe.
  1302 | D:3      | Reached skill level 1 in Stealth
  1321 | D:3      | Reached skill level 4 in Unarmed Combat
  1321 | D:3      | Reached XP level 4. HP: 28/28 MP: 4/4
  1405 | D:3      | Found a sacrificial altar of Ru.
  1617 | D:3      | Found a runed translucent door.
  1618 | D:3      | Noticed Ahpoh's ghost (weakling BaFi)
  1789 | D:4      | Noticed Menkaure
  1847 | D:4      | Killed Menkaure
  1848 | D:4      | Reached XP level 5. HP: 8/34 MP: 5/5
  1848 | D:4      | Reached XP level 6. HP: 9/39 MP: 6/6
  2005 | D:4      | Found Pisoorhean's Tiny Tomes.
  2129 | D:4      | Noticed a black bear
  2133 | D:4      | Killed a black bear
  2134 | D:4      | Reached skill level 5 in Unarmed Combat
  2146 | D:4      | Reached skill level 1 in Evocations
  2146 | D:4      | Reached XP level 7. HP: 40/45 MP: 7/7
  2166 | D:4      | Reached skill level 1 in Shields
  2237 | D:4      | Noticed Grinder
  2241 | D:4      | Paralysed by Grinder for 4 turns
  2251 | D:4      | Killed Grinder
  2252 | D:4      | Reached skill level 5 in Stealth
  2260 | D:4      | Reached skill level 6 in Unarmed Combat
  2289 | D:4      | Reached skill level 1 in Throwing
  2510 | D:4      | Noticed Edmund
  2518 | D:4      | Killed Edmund
  2519 | D:4      | Reached XP level 8. HP: 17/51 MP: 8/8
  2964 | D:4      | Noticed Duvessa
  2964 | D:4      | Noticed Dowan
  2979 | D:4      | Killed Duvessa
  2985 | D:4      | Killed Dowan
  3290 | D:5      | Entered Level 5 of the Dungeon
  3406 | D:5      | Found a white marble altar of Elyvilon.
  3638 | D:5      | Found a basalt altar of Yredelemnul.
  3741 | D:5      | Found a staircase to the Ecumenical Temple.
  4013 | D:5      | Reached skill level 7 in Unarmed Combat
  4092 | D:5      | Found a hazy altar of Hepliaklqana.
  4092 | D:5      | Found a hide-covered altar of Uskayaw.
  4337 | D:5      | Slain by an ice beast

Illustrated notes

Levels and vault maps discovered:
D:1:      dpeg_arrival_erosion, layout_rooms, minmay_liquid_box,
          minmay_lizard_king
D:2:      layout_loops_ring
D:3:      cheibrodos_helix_gallery, layout_rooms,
          nicolae_ru_great_annihilating_truth, nicolae_dithmenos_the_darkroom,
          ebering_ghost_inner_flame, serial_shops,
          nicolae_shop_bloodbath_and_beyond, chequers_serial_rivers_micro_b
D:4:      minmay_polygon_palace, layout_loops_ring,
          nicolae_shop_i_like_small_books_too, kennysheep_generic_room_11,
          uniq_duvessa, uniq_menkaure, uniq_grinder, uniq_edmund
D:5:      layout_basic, nicolae_yredelemnul_corpse_copse,
          mainiacjoe_overflow_catwalk_spiral, elyvilon_altar_4,
          minmay_temple_entry_fiery, chequers_decorated_corner,
          chequers_serial_rivers_room_a, kennysheep_potato

Skill      XL: |  1  2  3  4  5  6  7  8 |
---------------+-------------------------+-----
Stealth        | 1 3 4 5 6 |  6.2
Unarmed Combat | 4 5 6 7 |  7.1
Fighting       | 2 3 |  3.4
Evocations     | 1 2 3 |  3.0
Shields        | 1 2 |  2.7
Shapeshifting  | 4 |  4.5
Throwing       | 1 2 |  2.0
Dodging        | 3 |  3.1
Short Blades   | |  0.7

Action                     |  1- 3 |  4- 6 |  7- 9 || total
---------------------------+-------+-------+-------++-------
  Melee: Unarmed           |    93 |    57 |    72 ||   222
         Constrict         |    22 |    12 |    25 ||    59
         Tentacles         |    12 |    14 |    28 ||    54
         Punch             |     3 |     2 |    16 ||    21
         Short sword       |       |       |    50 ||    50
  Throw: Stone             |       |    15 |    30 ||    45
         Dart              |       |     2 |     2 ||     4
         Throwing net      |       |       |     2 ||     2
  Evoke: Wand              |       |       |    14 ||    14
    Use: Scroll            |       |     6 |     3 ||     9
   Stab: Sleeping          |     3 |     1 |     5 ||     9
         Held in net/web   |       |       |     1 ||     1
 Armour: Skin              |    28 |    18 |    46 ||    92
  Dodge: Dodged            |    57 |    24 |    55 ||   136
  Block: Buckler           |       |     8 |    23 ||    31

Table legend: (Time is in decaauts)
 A = Elapsed time spent in this place.
 B = Non-inter-level travel time spent in this place.
 C = Inter-level travel time spent in this place.
 D = Time resting spent in this place.
 E = Time spent auto-exploring this place.
 F = Levels seen in this place.
 G = Mean time per level.
                   A        B        C        D        E       F      G
               +--------+--------+--------+--------+--------+-----+--------+
         Total |   4323 |   4258 |     65 |      0 |   3095 |   5 |  864.6 |
       Dungeon |   4323 |   4258 |     65 |      0 |   3095 |   5 |  864.6 |
               +--------+--------+--------+--------+--------+-----+--------+

Top non-repeatable levels by time:
     D:4: 1548 daAuts
     D:5: 1043 daAuts
     D:3: 651 daAuts
     D:2: 630 daAuts
     D:1: 450 daAuts
